 Dungeon Crawl Stone Soup version 0.27-a0-1202-ge72e49191c (webtiles) character file.

Game seed: 4804845390919686640

121 pokeman the Magician (level 4, -8/25 HPs)
             Began as a Deep Elf Hedge Wizard on June 4, 2021.
             Killed from afar by Sigmund (13 damage)
             ... with a puff of flame
             ... on level 3 of the Dungeon.
             The game lasted 00:05:05 (3231 turns).

pokeman the Magician (Deep Elf Hedge Wizard)        Turns: 3231, Time: 00:05:05

Health: -8/25      AC:  3    Str:  7    XL:     4   Next: 76%
Magic:  2/13       EV: 12    Int: 20    God:
Gold:   91         SH:  0    Dex: 14    Spells: 3/14 levels left

rFire    . . .     SeeInvis .   a - +0 dagger
rCold    . . .     Faith    .   (no shield)
rNeg     . . .     Spirit   .   j - +0 leather armour
rPois    .         Reflect  .   c - +0 hat
rElec    .         Harm     .   (no cloak)
rCorr    .         Rampage  .   (no gloves)
Will     .....                  (no boots)
Stlth    ++........             (no amulet)
HPRegen  0.08/turn              (no ring)
MPRegen  0.13/turn              (no ring)

@: very slightly contaminated
A: no striking features
a: no special abilities


You were on level 3 of the Dungeon.
You visited 1 branch of the dungeon, and saw 3 of its levels.

You collected 91 gold pieces.

Inventory:

Hand Weapons
 a - a +0 dagger (weapon)
Armour
 c - a +0 hat (worn)
 j - a +0 leather armour (worn)
Wands
 n - a wand of charming (5)
Scrolls
 d - a scroll of teleportation {unknown}
 g - a scroll of identify {unknown}
 i - a scroll of enchant weapon {unknown}
 o - a scroll of silence {unknown}
Potions
 b - a potion of berserk rage {unknown}
 e - a potion of degeneration {unknown}
 f - a potion of lignification {unknown}
 h - 3 potions of curing {unknown}
 k - a potion of resistance {unknown}
 l - a potion of attraction {unknown}
 m - a potion of haste {unknown}


   Skills:
 - Level 1.0 Fighting
 - Level 1.1 Armour
 + Level 2.9 Dodging
 - Level 2.4 Stealth
 * Level 5.9 Spellcasting
 + Level 2.4 Conjurations
 - Level 1.1 Summonings
 - Level 1.1 Translocations
 + Level 0.8 Fire Magic


You had 3 spell levels left.
You knew the following spells:

 Your Spells              Type           Power      Damage    Failure   Level
a - Magic Dart            Conj           60%        1d6       5%          1
b - Mephitic Cloud        Conj/Pois/Air  9%         N/A       32%         3
c - Call Imp              Summ           10%        N/A       14%         2
d - Blink                 Tloc           N/A        N/A       14%         2
e - Conjure Flame         Conj/Fire      12%        6-21      24%         3

Your spell library contained the following spells:

 Spells                   Type           Power      Damage    Failure   Level
 Slow                     Hex            5%         N/A       24%         2


Dungeon Overview and Level Annotations

Branches:
Dungeon (3/15)

Altars:

Annotations:
D:3 Sigmund


Message History

The fire begins to smoulder!
Sigmund says, "Look into my eyes."
The fire ignites!
Sigmund gestures at you while chanting. The puff of flame misses you.
Sigmund casts a spell at you. The puff of flame hits you.
Sigmund looks at you with fury.
Casting: Conjure Flame (extremely dangerous; 24% risk of failure)
Confirm with . or Enter, or press ? or * to list all spells.
The spell is extremely dangerous to cast (32% risk of failure)!
Continue anyway?
Aiming: Mephitic Cloud (extremely dangerous; 32% risk of failure)
Press: ? - help, Shift-Dir - straight line, f/p - Sigmund
Aim: Sigmund, wielding a +0 scythe and wearing a +0 robe (lightly wounded, chance to affect: 86%)
You miscast Mephitic Cloud.
You are very lightly contaminated with residual magic.
Nothing appears to happen.
Sigmund points at you and mumbles some strange words.
The puff of flame hits you.
Casting: Mephitic Cloud (extremely dangerous; 32% risk of failure)
Confirm with . or Enter, or press ? or * to list all spells.
The spell is extremely dangerous to cast (32% risk of failure)!
Continue anyway?
Aiming: Mephitic Cloud (extremely dangerous; 32% risk of failure)
Press: ? - help, Shift-Dir - straight line, f/p - Sigmund
Aim: Sigmund, wielding a +0 scythe and wearing a +0 robe (lightly wounded, chance to affect: 86%)
You miscast Mephitic Cloud.
Nothing appears to happen.
Sigmund points at you and mumbles some strange words.
The puff of flame hits you!
* * * LOW HITPOINT WARNING * * *
Casting: Mephitic Cloud (extremely dangerous; 32% risk of failure)
Confirm with . or Enter, or press ? or * to list all spells.
The spell is extremely dangerous to cast (32% risk of failure)!
Continue anyway?
Aiming: Mephitic Cloud (extremely dangerous; 32% risk of failure)
Press: ? - help, Shift-Dir - straight line, f/p - Sigmund
Aim: Sigmund, wielding a +0 scythe and wearing a +0 robe (lightly wounded, chance to affect: 86%)
You miscast Mephitic Cloud.
Nothing appears to happen.
Sigmund points at you and mumbles some strange words.
The puff of flame hits you!
Ouch! That really hurt!
You die...

#..?..# #.#... #.#
#@...### #.. ##.
##...... ..# ### ...
.....# #.# .[ #.# ##).#
#.# #.#
..##.##...########.##[.#
.###.#....@°....##..#<#
.###.....######.@.....#
......#.## #####...###.#
### ......#.# #...##..#
##.. ......#.# #........
##... .###..#.#
##..#....# #....
..##..#.# #.....#..#
#.... .....#..#
#.#†..##.# #....
#.#....## ##.....##.#
#.... .......######
#...##..#.###....


You could see Sigmund.

Vanquished Creatures
  An orc wizard (D:2)
  3 adders (D:2)
  A worm (D:2)
  2 dart slugs (D:1)
  5 orcs
  8 ball pythons
  3 bats
  7 endoplasms
  2 giant cockroaches
  4 goblins
  4 hobgoblins
  4 jackals (D:2)
  2 quokkas
  4 frilled lizards
  3 kobolds
  4 rats
57 creatures vanquished.

Notes
Turn   | Place    | Note
-------+----------+-------------------------------------------
     0 | D:1      | pokeman the Deep Elf Hedge Wizard began the quest for the
                  | Orb.
     0 | D:1      | Reached XP level 1. HP: 10/10 MP: 7/7
   208 | D:1      | Reached XP level 2. HP: 15/15 MP: 7/9
   955 | D:1      | Reached skill level 5 in Spellcasting
  1187 | D:1      | Reached XP level 3. HP: 19/20 MP: 5/11
  1191 | D:1      | Learned a level 3 spell: Mephitic Cloud
  1194 | D:1      | Learned a level 2 spell: Call Imp
  1197 | D:1      | Learned a level 2 spell: Blink
  1201 | D:1      | Learned a level 3 spell: Conjure Flame
  1634 | D:2      | Reached skill level 1 in Fighting
  1638 | D:2      | Reached skill level 1 in Armour
  1638 | D:2      | Reached XP level 4. HP: 16/25 MP: 2/13
  2761 | D:2      | Found a faded altar of an unknown god.
  3214 | D:3      | Noticed Sigmund
  3231 | D:3      | Killed from afar by Sigmund

Illustrated notes

Levels and vault maps discovered:
D:1:      minmay_arrival_diagonal_passages, layout_basic
D:2:      layout_basic, hellmonk_ecumenical_altar_inner_sanctum,
          minmay_misc_feat_alley
D:3:      layout_rooms, old_standard_altar, kennysheep_generic_room_13,
          uniq_sigmund

Skill      XL: |  1  2  3 |
---------------+----------+-----
Spellcasting   | 5 |  5.9
Fighting       | 1 |  1.0
Armour         | 1 |  1.1
Conjurations   | 2 |  2.4
Dodging        | |  2.9
Stealth        | |  2.4
Summonings     | |  1.1
Translocations | |  1.1
Fire Magic     | |  0.8

Action                   |  1- 3 |  4- 6 || total
-------------------------+-------+-------++-------
Melee: Dagger            |    11 |     1 ||    12
 Cast: Magic Dart        |    73 |    75 ||   148
       Mephitic Cloud    |     1 |       ||     1
       Conjure Flame     |       |     1 ||     1
 Stab: Confused          |     1 |       ||     1
Armor: Robe              |     2 |       ||     2
       Leather armour    |       |     2 ||     2
Dodge: Dodged            |     9 |     7 ||    16

Table legend: (Time is in decaauts)
 A = Elapsed time spent in this place.
 B = Non-inter-level travel time spent in this place.
 C = Inter-level travel time spent in this place.
 D = Time resting spent in this place.
 E = Time spent auto-exploring this place.
 F = Levels seen in this place.
 G = Mean time per level.
                   A        B        C        D        E       F      G
               +--------+--------+--------+--------+--------+-----+--------+
         Total |   3231 |   3093 |    138 |      2 |   2781 |   3 | 1077.0 |
       Dungeon |   3231 |   3093 |    138 |      2 |   2781 |   3 | 1077.0 |
               +--------+--------+--------+--------+--------+-----+--------+

Top non-repeatable levels by time:
     D:2: 1500 daAuts
     D:1: 1350 daAuts
     D:3: 380 daAuts
